 Dungeon Crawl Stone Soup version 0.31-a0-625-gc9c7e45f3f (webtiles) character file.

Game seed: 8822271771065921382

22 Descartes the Trooper (level 2, -1/16 HPs)
             Began as a Vine Stalker Chaos Knight on Aug 24, 2023.
             Was a Plaything of Xom.
             Slain by a gnoll
             ... wielding a +0 spear
              (3 damage)
             ... on level 2 of the Dungeon.
             The game lasted 00:01:41 (534 turns).

Descartes the Trooper (Vine Stalker Chaos Knight)    Turns: 534, Time: 00:01:42

Health: -1/16      AC:  6    Str: 14    XL:     2   Next: 91%
Magic:  0/3        EV: 11    Int: 12    God:    Xom [..*...]
Gold:   9          SH:  0    Dex: 13    Spells: 2/2 levels left

rFire   . . .        a - +0 hand axe (chaos)
rCold   . . .        (no shield)
rNeg    . . .        b - +2 leather armour
rPois   .            (no helmet)
rElec   .            h - +0 cloak
rCorr   .            (no gloves)
SInv    .            (no boots)
Will    .....        (no amulet)
Stlth   +            (no ring)
HPRegen 0.22/turn    (no ring)
MPRegen 0.08/turn

%: guardian spirit
@: no status effects
A: fangs 2, magic shield, antimagic bite, no potion heal 2
a: Renounce Religion


You were on level 2 of the Dungeon.
You worshipped Xom.
You were a toy of Xom.
You visited 1 branch of the dungeon, and saw 2 of its levels.

You collected 9 gold pieces.

Inventory:

Hand Weapons
 a - a +0 hand axe of chaos (weapon)
Missiles
 i - 4 poisoned darts
Armour
 b - a +2 leather armour (worn)
 h - a +0 cloak (worn)
Scrolls
 c - a scroll of butterflies
 d - a scroll of acquirement {unknown}
 e - a scroll of identify {unknown}
 f - a scroll of fog {unknown}
 g - a scroll of enchant armour {unknown}
 j - a scroll of immolation {unknown}
Potions
 k - a potion of heal wounds {unknown}


   Skills:
 + Level 2.9 Fighting
 + Level 2.8 Axes
 + Level 1.7 Armour
 + Level 1.1 Dodging
 + Level 0.4 Shields
 + Level 0.5 Spellcasting
 + Level 0.4 Evocations


You had 2 spell levels left.
You didn't know any spells.
Your spell library was empty.

Dungeon Overview and Level Annotations

Branches:
Dungeon (2/15)

Altars:


Innate Abilities, Weirdness & Mutations

You have extremely sharp teeth.
When hurt, damage is shared between your health and your magic reserves.
Your bite disrupts and absorbs the magic of your enemies.
Potions cannot restore your health.


Message History

You hit the hobgoblin but do no damage.
The hobgoblin hits you but does no damage.
You hit the hobgoblin. You burn the hobgoblin.
You kill the hobgoblin!
The gnoll hits you with a +0 spear.
You hit the gnoll but do no damage.
The gnoll suddenly seems more resistant.
You completely miss the gnoll.
A goblin comes into view. It is wielding a +0 dagger.
The gnoll hits you but does no damage.
A gnoll comes into view. It is wielding a +0 flail.
You closely miss the gnoll. Your bite misses the gnoll.
The goblin unwields a +0 dagger.
The goblin wields a +0 sling.
The goblin shoots a sling bullet.
The sling bullet barely misses you. The gnoll hits you but does no damage.
The gnoll barely misses you.
You hit the gnoll. You freeze the gnoll.
The gnoll is moderately wounded.
The gnoll hits you from afar with a +0 spear.
The gnoll barely misses you.
The goblin shoots a sling bullet.
The sling bullet misses you.
You hit the gnoll. Lightning courses through the gnoll!
You kill the gnoll!
The gnoll hits you but does no damage.
The goblin shoots a sling bullet.
The sling bullet hits you but does no damage.
The gnoll closely misses you.
The goblin shoots a sling bullet.
The sling bullet hits you.
You see here a +0 whip.
You hit the gnoll. You burn the gnoll.
The gnoll is heavily wounded.
The gnoll hits you with a +0 spear!
* * * LOW HITPOINT WARNING * * *
The gnoll barely misses you. The gnoll hits you with a +0 flail.
* * * LOW HITPOINT WARNING * * *
There are monsters nearby!
Unknown command.
The goblin shoots a sling bullet.
The sling bullet hits you.
* * * LOW HITPOINT WARNING * * *
The gnoll hits you from afar with a +0 spear.
You die...
Xom is highly amused!

#.#.#
#.#.#
#.#.#
#.#.#
#.#.#
#.#.#
#.#.#
#.#.##
#..@†##
#..)..#
#...gg...#
##.....#?#
##......g.
##.###.###
### .# . #


You could see 2 gnolls and a goblin.

Vanquished Creatures
  A gnoll (D:2)
  A dart slug (D:2)
  2 ball pythons (D:1)
  An endoplasm (D:2)
  A goblin (D:1)
  2 hobgoblins
  A kobold (D:1)
  A spectral goblin (D:1)
10 creatures vanquished.

Notes
Turn   | Place    | Note
-------+----------+-------------------------------------------
     0 | D:1      | Descartes the Vine Stalker Chaos Knight began the quest for
                  | the Orb.
     0 | D:1      | Reached XP level 1. HP: 11/11 MP: 2/2
    70 | D:1      | Found a faded altar of an unknown god.
   179 | D:1      | XOM: potion effect (brilliance)
   242 | D:1      | Reached XP level 2. HP: 16/16 MP: 3/3
   498 | D:2      | Reached skill level 1 in Dodging
   523 | D:2      | XOM: noise
   534 | D:2      | Slain by a gnoll

Illustrated notes

Levels and vault maps discovered:
D:1:      dpeg_arrival_long_road, layout_rooms,
          dreamdust_ecumenical_altar_drowned_temple
D:2:      layout_loops_ring, reono_crystal_passage, grunt_ministairs_7,
          nicolae_twisty_statue_hallways

Skill      XL: |  1  2 |
---------------+-------+-----
Dodging        | 1 |  1.1
Fighting       | |  2.9
Axes           | |  2.8
Armour         | |  1.7
Shields        | |  0.4
Spellcasting   | |  0.5
Evocations     | |  0.4

Action                     || total
---------------------------++-------
  Melee: Hand axe          ||    26
         Bite              ||     1
 Armour: Leather armour    ||    14
  Dodge: Dodged            ||    15

Table legend: (Time is in decaauts)
 A = Elapsed time spent in this place.
 B = Non-inter-level travel time spent in this place.
 C = Inter-level travel time spent in this place.
 D = Time resting spent in this place.
 E = Time spent auto-exploring this place.
 F = Levels seen in this place.
 G = Mean time per level.
                   A        B        C        D        E       F      G
               +--------+--------+--------+--------+--------+-----+--------+
         Total |    545 |    500 |     45 |      0 |    409 |   2 |  272.5 |
       Dungeon |    545 |    500 |     45 |      0 |    409 |   2 |  272.5 |
               +--------+--------+--------+--------+--------+-----+--------+

Top non-repeatable levels by time:
     D:1: 506 daAuts
     D:2: 39 daAuts
